 Dungeon Crawl Stone Soup version 0.29.0-4-gdea44cf6ec (webtiles) character file.

Game seed: 14840317730176461249

28 qw the Sneak (level 3, -3/23 HPs)
             Began as a Gargoyle Delver on Sept 10, 2022.
             Slain by a gnoll
             ... wielding a +0 halberd
              (11 damage)
             ... on level 5 of the Dungeon.
             The game lasted 00:00:06 (430 turns).

qw the Sneak (Gargoyle Delver)                       Turns: 430, Time: 00:00:07

Health: -3/23      AC:  6    Str: 17    XL:     3   Next: 12%
Magic:  3/3        EV: 11    Int: 10    God:
Gold:   58         SH:  0    Dex: 11    Spells: 2/2 levels left

rFire   . . .      SeeInvis .   a - +0 hand axe
rCold   . . .      Faith    .   (no shield)
rNeg    + . .      Spirit   .   b - +0 leather armour
rPois   inf        Reflect  .   (no helmet)
rElec   +          Harm     .   (no cloak)
rCorr   .          Rampage  .   (no gloves)
Will    .....                   (no boots)
Stlth   +++.......              (no amulet)
HPRegen 0.07/turn               (no ring)
MPRegen 0.08/turn               (no ring)

@: no status effects
A: sickness immunity, AC +3, negative energy resistance 1, electricity
resistance, torment resistance 1, petrification resistance
a: no special abilities


You were on level 5 of the Dungeon.
You visited 1 branch of the dungeon, and saw 1 of its levels.

You collected 58 gold pieces.


Innate Abilities, Weirdness & Mutations

You are immune to sickness and miasma.
Your stone body is resilient. (AC +3)
You are immune to poison.
You resist negative energy. (rN+)
You are resistant to electric shocks. (rElec)
You are resistant to unholy torment.
You are immune to petrification.


   Skills:
 - Level 3.2 Fighting
 + Level 3.2 Axes
 - Level 1.5 Dodging
 - Level 5.4 Stealth


You had 2 spell levels left.
You didn't know any spells.
Your spell library was empty.

Inventory:

Hand Weapons
 a - a +0 hand axe (weapon)
Armour
 b - a +0 leather armour (worn)
 h - a +1 cloak
Wands
 g - a wand of digging (3)
Scrolls
 c - a scroll of fog
 d - a scroll of magic mapping
 e - a scroll of fear
Potions
 f - a potion of haste

Dungeon Overview and Level Annotations

Branches:
Dungeon (5/15)
 Temple: D:4-7

Altars:


Message History

You start resting.
HP restored.
You see here an adder corpse.
An adder comes into view.
Enter note: The adder hisses angrily.
You hit the adder.
The adder is lightly wounded.
The adder barely misses you.
You hit the adder.
The adder is moderately wounded.
The adder barely misses you. The adder bites you.
You hit the adder.
The adder is almost dead.
The adder bites you.
You hit the adder.
You kill the adder!
Your Axes skill increases to level 3!
You have reached level 3!
Your experience leads to an increase in your attributes!
Increase (S)trength, (I)ntelligence, or (D)exterity?
You feel stronger. x2
You start resting.
HP restored. 2 gnolls come into view.
There is an open door here.
An adder and a gnoll come into view.
Found a mace.
The adder hisses angrily.
The adder moves out of view.
Found 6 poisoned darts.
There is an open door here.
The gnoll shouts! x2
The adder bites you but does no damage. The gnoll hits you but does no damage.
The gnoll hits you from afar with a +0 halberd!
You hit the adder.
The adder is moderately wounded.
The adder closely misses you.
The gnoll hits you from afar with a +0 spear.
The gnoll hits you from afar with a +0 halberd!
You die...

.# .# .. .#####+##
###'###.# .........#
#....)... ..........#
#......# ..........#
#......#
..........###......#.
..........'.'..g...'.
#.........###@.....#
#.......%.# #S.g...#
#.........# #..g...(.
#.......### #........
#.......# ###...###
#.......# .....
#.......# .#####
#.......# .#
........#


You could see 3 gnolls and an adder.

Vanquished Creatures
  3 adders (D:5)
3 creatures vanquished.

Notes
Turn   | Place    | Note
-------+----------+-------------------------------------------
     0 | D:5      | qw the Gargoyle Delver began the quest for the Orb.
     0 | D:5      | Reached XP level 1. HP: 14/14 MP: 1/1
     0 | D:5      | 0 ||| qw: Version: 0.1-a-116-g5d60599
     0 | D:5      | 0 ||| qw: Game counter: 9304
     0 | D:5      | 0 ||| qw: Always use a shield: true
     0 | D:5      | 0 ||| qw: God list: Okawaru
     0 | D:5      | 0 ||| qw: Allow faded altars: false
     0 | D:5      | 0 ||| qw: Do Orc after D:15 true
     0 | D:5      | 0 ||| qw: Do second Lair branch before Depths: true
     0 | D:5      | 0 ||| qw: Lair rune preference: random
     0 | D:5      | 0 ||| qw: Plans: Normal
     0 | D:5      | 0 ||| PLANNING D:1-11
    60 | D:5      | Reached XP level 2. HP: 14/19 MP: 2/2
   350 | D:5      | Reached skill level 3 in Axes
   350 | D:5      | Reached XP level 3. HP: 17/23 MP: 3/3
   430 | D:5      | Slain by a gnoll

Levels and vault maps discovered:
D:5:      kennysheep_windowed_halls, layout_basic,
          minmay_temple_entry_antechambers

Skill      XL: |  1  2 |
---------------+-------+-----
Axes           | 2 3 |  3.2
Fighting       | |  3.2
Dodging        | |  1.5
Stealth        | |  5.4

Action                   || total
-------------------------++-------
Melee: Hand axe          ||    28
Armor: Leather armour    ||    13
Dodge: Dodged            ||    17

Table legend:
 A = Non-vault XP
 B = Vault XP
 C = Vault XP percentage of total XP
 D = Non-vault monster count
 E = Vault monster count
 F = Vault count percentage of total count
                 A         B        C        D         E       F
            +---------+---------+-------+---------+---------+-------
      Total |      40 |       0 |   0.0 |       3 |       0 |   0.0
            +---------+---------+-------+---------+---------+-------
        D:5 |      40 |       0 |   0.0 |       3 |       0 |   0.0
            +---------+---------+-------+---------+---------+-------
